 Dungeon Crawl Stone Soup version 0.22.1-1-ga44c0e5 (webtiles) character file.

25336 underr the Cleaver (level 12, -4/108 HPs)
             Began as a Minotaur Berserker on Sept 19, 2018.
             Was an Elder of Trog.
             Shot with an arrow by Nessos (13 damage)
             ... on level 4 of the Lair of Beasts.
             The game lasted 00:47:06 (20691 turns).

underr the Cleaver (Minotaur Berserker)            Turns: 20691, Time: 00:47:07

Health: -4/108     AC: 10    Str: 21    XL:     12   Next: 88%
Magic:  14/14      EV: 31    Int:  4    God:    Trog [****..]
Gold:   979        SH:  7    Dex: 16    Spells: 11/11 levels left

rFire    . . .     SeeInvis .   a - +0 war axe (chop)
rCold    . . .     Gourm    .   w - +0 buckler
rNeg     . . .     Faith    .   E - +0 scale mail
rPois    +         Spirit   .   (helmet restricted)
rElec    .         Reflect  .   (no cloak)
rCorr    .         Harm     .   W - +0 pair of gloves
MR       .....                  (no boots)
Stlth    ..........             X - amulet of the acrobat
HPRegen  0.28/turn              N - ring of poison resistance
MPRegen  0.14/turn              H - +2 ring of slaying

@: lethally poisoned (-4 -> -25), berserk cooldown, slowed, very slow
A: retaliatory headbutt, horns 2
a: Berserk, Trog's Hand, Brothers in Arms, Renounce Religion


You were on level 4 of the Lair of Beasts.
You worshipped Trog.
Trog was greatly pleased with you.
You were very hungry.

You visited 2 branches of the dungeon, and saw 16 of its levels.
You also visited: Volcano.

You collected 1099 gold pieces.
You spent 120 gold pieces at shops.

Inventory:

Hand Weapons
 a - a +0 war axe of chopping (weapon)
 b - the +0 hunting sling of Dithmenos {speed, rPois rN++ Str-3 Stlth+}
   (You found it on level 5 of the Dungeon)

   Attacks with this weapon are significantly faster.
   It affects your strength (-3).
   It protects you from poison.
   It greatly protects you from negative energy.
   It makes you more stealthy.
Missiles
 h - 409 stones (quivered)
 t - 5 throwing nets
Armour
 s - a +0 plate armour
 w - a +0 buckler (worn)
 E - a +0 scale mail (worn)
 S - the -1 shield of Pride {+Inv Int+4 SInv}
   (You found it on level 10 of the Dungeon)

   It affects your intelligence (+4).
   It lets you see invisible.
   It lets you turn invisible.
 W - a +0 pair of gloves (worn)
Jewellery
 H - a +2 ring of slaying (right hand)
 N - a ring of poison resistance (left hand)
 X - an amulet of the acrobat (around neck)
Wands
 l - a wand of scattershot (7)
 x - a wand of flame (14)
 K - a wand of polymorph (9)
 R - a wand of digging (19)
 T - a wand of paralysis (23)
 V - a wand of iceblast (6)
 Y - a wand of acid (13)
Scrolls
 d - 3 scrolls of magic mapping
 e - 2 scrolls of random uselessness {unknown}
 g - 4 scrolls of enchant weapon
 i - 2 scrolls of remove curse
 k - 2 scrolls of amnesia {unknown}
 o - 2 scrolls of immolation {unknown}
 r - 4 scrolls of fog {unknown}
 v - a scroll of fear {unknown}
 y - 4 scrolls of blinking
 B - 7 scrolls of teleportation
 L - 2 scrolls of torment {unknown}
 P - a scroll of vulnerability {unknown}
Potions
 f - 8 potions of curing
 j - a potion of resistance {unknown}
 m - 2 potions of magic {unknown}
 n - 2 potions of agility {unknown}
 p - 4 potions of degeneration {unknown}
 q - 6 potions of haste
 u - 2 potions of mutation {unknown}
 z - 6 potions of heal wounds
 A - a potion of lignification {unknown}
 C - 2 potions of flight {unknown}
 D - 4 potions of might
 F - a potion of brilliance {unknown}
 G - 2 potions of cancellation {unknown}
 I - a potion of ambrosia {unknown}
 J - 3 potions of invisibility
Comestibles
 c - 20 rations


   Skills:
 + Level 10.9 Fighting
 * Level 14.3 Axes
 - Level 5.0(5.2) Slings
 - Level 1.7(3.4) Throwing
 + Level 10.6 Armour
 + Level 9.8 Dodging
 + Level 9.8 Shields
 - Level 4.0 Evocations


You had 11 spell levels left.
You didn't know any spells.
Your spell library was empty.

Dungeon Overview and Level Annotations

Branches:
Dungeon (12/15)            Temple (0/1) D:7            Lair (4/6) D:8
 Shoals (0/4) Lair:4       Spider (0/4) Lair:4
    Orc: D:9-12

Altars:
Dithmenos
Elyvilon
Gozag
Okawaru
Qazlal
Ru
Sif Muna
Trog
Xom
Yredelemnul
Zin
The Shining One

Shops:
D:6 (   D:7 !

Annotations:
Lair:4 Nessos


Innate Abilities, Weirdness & Mutations

You reflexively headbutt those who attack you in melee.
You have a pair of horns on your head.


Message History

You hit Nessos but do no damage.
Nessos is lightly wounded.
You block Nessos's attack. Nessos hits you but does no damage.
Nessos blinks!
Nessos blinks!
Nessos wields an uncursed longbow of flaming.
It bursts into flame!
Nessos shoots an arrow.
The arrow barely misses you.
You see here an arrow.
Nessos blinks!
Nessos shoots an arrow.
The arrow hits you!! The arrow burns you!
You are poisoned.
* * * LOW HITPOINT WARNING * * *
Nessos shoots an arrow.
You block the arrow.
You see here 3 arrows.
You feel very sick.
Nessos shoots an arrow.
The arrow hits you!
* * * LOW HITPOINT WARNING * * *
The arrow burns you.
* * * LOW HITPOINT WARNING * * *
Nessos shoots an arrow.
The arrow hits you!
You die...

...........##.###
................##
..............(.P##
........>.........##
...#..............c#####
...#####.............#.#
...P# #.....(.........#
...## ###...(.<.....#.#
...# ##..(..@......##
...# ##((..(.......##
...# ###...(.......#
...# ##.........## ...##
##.........# ..^.##
#...#.....# ...#.###
#...#P....## .......####
#..........##
........#.#
#.#.......#.#


You could see Nessos.

Vanquished Creatures
  3 hydras
  Nergalle (D:11)
  Pikel (D:7)
  2 ugly things
  A merfolk siren (Lair:4)
  A salamander (Volcano)
  3 black mambas
  2 centaur zombies (D:10)
  6 spiny frogs
  2 rime drakes
  4 komodo dragons
  A troll (D:10)
  2 wandering mushrooms (Lair:2)
  3 merfolk (Lair:4)
  A polar bear (D:11)
  3 blink frogs (Lair:4)
  4 dream sheep (Lair:4)
  3 hippogriffs
  A wyvern (Lair:4)
  A wraith (D:11)
  19 yaks
  2 basilisks
  2 hungry ghosts
  A warg (Lair:2)
  4 porcupines
  3 water moccasins
  2 orc warriors
  A slave (D:7)
  A black bear (D:8)
  2 sky beasts
  An eye of draining (D:11)
  2 ice beasts
  3 phantoms
  A necrophage (D:6)
  6 ogres
  10 wolves (Lair:2)
  3 centaurs
  6 crocodiles
  A big kobold (D:9)
  11 bullfrogs
  A gnoll sergeant (D:7)
  A wyvern skeleton (D:9)
  7 scorpions
  18 wights
  2 howler monkeys
  5 crimson imps
  3 bullfrog zombies
  7 hounds
  2 quasits
  4 jellies
  A gnoll shaman (D:6)
  3 orc priests
  9 orc wizards
  A bullfrog skeleton (D:4)
  3 centaur skeletons
  Ijyb (D:3)
  5 iguanas
  6 worker ants
  A killer bee zombie (D:6)
  A hound skeleton (D:11)
  A worker ant zombie (D:9)
  10 gnolls
  16 adders
  A howler monkey skeleton (D:4)
  5 shadow imps
  2 adder skeletons (D:4)
  2 worms (D:2)
  3 dart slugs
  3 leopard geckos
  28 orcs
  3 giant cockroaches
  4 goblins
  5 hobgoblins
  10 jackals
  3 quokkas
  A ball python (D:1)
  3 bats (D:1)
  5 frilled lizards
  9 kobolds
  A leopard gecko skeleton (D:6)
  A quokka zombie (D:8)
  6 rats
  A fungus (Lair:2)
  A plant (Lair:2)
331 creatures vanquished.

Vanquished Creatures (collateral kills)
  3 hydras
  A spiny frog (Lair:1)
4 creatures vanquished.

Vanquished Creatures (others)
  3 fungi (D:8)
  2 plants
5 creatures vanquished.

Grand Total: 340 creatures vanquished

Notes
Turn   | Place    | Note
-------+----------+-------------------------------------------
     0 | D:1      | underr the Minotaur Berserker began the quest for the Orb.
     0 | D:1      | Reached XP level 1. HP: 19/19 MP: 0/0
   176 | D:1      | Reached XP level 2. HP: 27/27 MP: 1/1
   199 | D:1      | Reached skill level 4 in Axes
   864 | D:1      | Reached XP level 3. HP: 25/33 MP: 2/2
  1322 | D:2      | Reached XP level 4. HP: 39/40 MP: 3/3
  1429 | D:2      | Found a shadowy altar of Dithmenos.
  1484 | D:2      | Reached skill level 5 in Axes
  1930 | D:3      | Reached ** piety under Trog
  1978 | D:3      | Noticed Ijyb
  1989 | D:3      | Killed Ijyb
  1989 | D:3      | Reached XP level 5. HP: 47/47 MP: 4/4
  2692 | D:4      | Reached skill level 1 in Throwing
  2768 | D:4      | Reached skill level 1 in Shields
  2828 | D:4      | Found an iron altar of Okawaru.
  3093 | D:4      | Reached XP level 6. HP: 39/55 MP: 5/5
  3780 | D:5      | Entered Level 5 of the Dungeon
  3969 | D:5      | Got a bloodstained hunting sling
  3970 | D:5      | Identified the cursed +0 hunting sling of Dithmenos {speed,
                  | rPois rN++ Str-3 Stlth+} (You found it on level 5 of the
                  | Dungeon)
  4023 | D:5      | Reached skill level 5 in Fighting
  4035 | D:5      | Reached skill level 6 in Axes
  4454 | D:5      | Reached XP level 7. HP: 59/61 MP: 6/6
  4461 | D:5      | Reached skill level 1 in Slings
  4599 | D:5      | Reached *** piety under Trog
  5445 | D:6      | Reached skill level 7 in Axes
  5486 | D:6      | Reached skill level 5 in Armour
  5486 | D:6      | Reached XP level 8. HP: 49/70 MP: 7/7
  5808 | D:6      | Found Keso's Weapon Shoppe.
  5906 | D:6      | Reached skill level 5 in Dodging
  6040 | D:6      | Reached skill level 8 in Axes
  6324 | D:6      | Found a sacrificial altar of Ru.
  6326 | D:6      | Found a stormy altar of Qazlal.
  6553 | D:7      | Reached **** piety under Trog
  6798 | D:7      | Found a staircase to the Ecumenical Temple.
  6838 | D:7      | Reached XP level 9. HP: 78/78 MP: 8/8
  7072 | D:7      | Noticed Pikel
  7085 | D:7      | Killed Pikel
  7085 | D:7      | Reached skill level 9 in Axes
  7085 | D:7      | Reached skill level 5 in Shields
  7476 | D:7      | Found Redgho Oxzi's Distillery.
  7479 | D:7      | Bought a potion of might for 40 gold pieces
  7479 | D:7      | Bought a potion of invisibility for 80 gold pieces
  8552 | D:8      | Reached skill level 5 in Slings
  8552 | D:8      | Reached skill level 10 in Axes
  8560 | D:8      | Reached XP level 10. HP: 63/86 MP: 9/9
  8567 | D:8      | Reached ***** piety under Trog
  9008 | D:8      | Found a staircase to the Lair.
  9473 | D:9      | Noticed a green ugly thing
  9485 | D:9      | Killed a green ugly thing
  9768 | D:9      | Reached skill level 1 in Evocations
 10200 | D:9      | Found a deep blue altar of Sif Muna.
 10200 | D:9      | Found a glowing golden altar of the Shining One.
 10202 | D:9      | Found a white marble altar of Elyvilon.
 10202 | D:9      | Found a bloodstained altar of Trog.
 10202 | D:9      | Found a basalt altar of Yredelemnul.
 10202 | D:9      | Found an opulent altar of Gozag.
 10202 | D:9      | Found a shimmering altar of Xom.
 10203 | D:9      | Found a glowing silver altar of Zin.
 10254 | D:10     | Entered Level 10 of the Dungeon
 10925 | D:10     | Reached skill level 11 in Axes
 10967 | D:10     | Got a slimy shield
 10978 | D:10     | Identified the cursed -1 shield of Pride {+Inv Int+4 SInv}
                  | (You found it on level 10 of the Dungeon)
 11779 | D:11     | Found a bloodstained altar of Trog.
 11828 | D:11     | Noticed Nergalle
 11842 | D:11     | Killed Nergalle
 11842 | D:11     | Reached XP level 11. HP: 95/95 MP: 10/12
 12139 | D:11     | Noticed a brown ugly thing
 12146 | D:11     | Killed a brown ugly thing
 12245 | D:11     | Received a gift from Trog
 12854 | Lair:1   | Entered Level 1 of the Lair of Beasts
 12886 | Lair:1   | Noticed a five-headed hydra
 12895 | Lair:1   | Killed a five-headed hydra
 12897 | Lair:1   | Reached skill level 12 in Axes
 13206 | Lair:1   | Found a dark tunnel.
 13216 | Volcano  | Entered a volcano
 13551 | Lair:1   | Received a gift from Trog
 13923 | Lair:1   | Noticed a four-headed hydra
 13940 | Lair:1   | Killed a four-headed hydra
 14906 | Lair:2   | Noticed a seven-headed hydra
 14912 | Lair:1   | Killed a seven-headed hydra
 14950 | Lair:2   | Reached XP level 12. HP: 81/106 MP: 14/14
 15275 | Lair:2   | Reached skill level 10 in Fighting
 15275 | Lair:2   | Reached skill level 13 in Axes
 15335 | Lair:2   | Noticed a four-headed hydra
 15366 | Lair:2   | Killed a nine-headed hydra
 17245 | Lair:2   | Got an ichor-stained trident
 17246 | Lair:2   | Identified the +8 trident of the Disturbing Coins {flame,
                  | Str+3} (You found it on level 2 of the Lair of Beasts)
 17593 | Lair:3   | Noticed an eight-headed hydra
 18141 | Lair:4   | Reached skill level 10 in Armour
 18163 | Lair:4   | Found a staircase to the Shoals.
 18415 | Lair:4   | Found a hole to the Spider Nest.
 18730 | Lair:3   | Killed a nine-headed hydra
 19151 | Lair:3   | Noticed a six-headed hydra
 19161 | Lair:3   | Killed an eight-headed hydra
 19161 | Lair:3   | Reached skill level 14 in Axes
 20675 | Lair:4   | Noticed Nessos
 20691 | Lair:4   | Shot with an arrow by Nessos

Skill      XL: |  1  2  3  4  5  6  7  8  9 10 11 12 |
---------------+-------------------------------------+-----
Axes           | 4 5 6 7 8 10 11 12 14 | 14.3
Fighting       | 4 5 6 7 8 9 10 | 10.9
Armour         | 3 4 5 6 7 8 9 10 | 10.6
Dodging        | 3 4 5 6 7 8 9 |  9.8
Throwing       | 1 |  1.7
Shields        | 1 2 3 4 5 7 8 9 |  9.8
Slings         | 2 3 5 |  5.0
Evocations     | 2 4 |  4.0

Action                   |  1- 3 |  4- 6 |  7- 9 | 10-12 || total
-------------------------+-------+-------+-------+-------++-------
Melee: Hand axe          |    83 |   129 |       |       ||   212
       Headbutt          |    15 |    26 |    46 |   118 ||   205
       War axe           |       |    16 |   256 |   444 ||   716
 Fire: Hunting sling     |       |     6 |    81 |   191 ||   278
Throw: Stone             |     1 |     1 |     1 |       ||     3
Invok: Berserk           |       |     2 |       |     9 ||    11
       Trog's Hand       |       |     1 |     2 |     5 ||     8
       Brothers in Arms  |       |       |       |     6 ||     6
Evoke: Wand              |       |       |       |    19 ||    19
  Use: Scroll            |       |     3 |     6 |     7 ||    16
 Stab: Held in net/web   |       |       |     1 |       ||     1
  Eat: Chunk             |     1 |     5 |    10 |    15 ||    31
       Ration            |       |     3 |     1 |    10 ||    14
Armor: Animal skin       |     6 |       |       |       ||     6
       Ring mail         |    17 |    32 |       |       ||    49
       Scale mail        |       |    16 |    47 |   134 ||   197
Dodge: Dodged            |    55 |    78 |   144 |   398 ||   675
Block: Buckler           |       |    11 |    43 |   159 ||   213
